Map: New Gettysburg LE

Players

Trex - Winner!

  • Race: Terran Terran
  • League: Gold
  • Spawn Location: 7:00

Fropez

  • Race: Protoss Protoss
  • League: Gold
  • Spawn Location: 5:00

VOD

Have the link to the VOD?

Description

Time

  • Played on: Oct. 25, 2016, 4:15 p.m.
  • Length: 11:12
Show
View Real Time Build Order
Export as new Build Order

Trex Terran - Winner!

Build Orders: Reaper Expand 

Get SALT Encoding   

  12  0:01  SCV  
  13  0:13  SCV  
  14  0:19  Supply Depot  
  14  0:25  SCV  
  15  0:41  SCV  
  15  0:42  Barracks  
  16  0:46  Refinery  
  16  0:53  SCV  
  17  1:05  SCV  
  18  1:19  SCV  
  19  1:29  Supply Depot, Reaper  
  19  1:31  Orbital Command  
  20  1:44  Refinery  
  20  1:56  Command Center  
  20  2:12  Marine  
  21  2:18  SCV, Factory  
  22  2:30  Marine, SCV  
  24  3:00  Marine  
  25  3:08  Factory Tech Lab  
  24  3:18  Marine, Engineering Bay  
  24  3:19  Starport  
  25  3:23  SCV, Barracks  
  25  3:24  Barracks  
  25  3:25  Barracks  
  26  3:27  Siege Tank  
  29  3:34  SCV  
  30  3:46  Marine  
  30  3:48  SCV  
  32  3:52  Missile Turret  
  32  3:56  Planetary Fortress  
  32  4:09  Starport Reactor  
  32  4:10  Marine  
  32  4:12  Marine x2  
  32  4:15  Supply Depot  
  35  4:21  Missile Turret  
  35  4:32  SCV  
  35  4:33  SCV  
  35  4:36  Supply Depot  
  35  4:38  Barracks Tech Lab  
  37  4:39  Barracks Tech Lab  
  37  4:40  Barracks Reactor  
  37  4:46  SCV  
  37  4:47  Barracks Reactor, SCV  
  39  4:53  Medivac  
  39  4:58  SCV  
  42  5:00  SCV  
  42  5:07  Refinery  
  43  5:08  Refinery  
  43  5:10  SCV  
  44  5:35  SCV x2  
  41  5:37  Marauder x2  
  41  5:40  Stimpack  
  46  5:47  Marine x2, SCV  
  46  5:48  SCV  
  50  5:52  Medivac  
  50  5:56  Marine  
  53  5:57  Marine  
  53  5:59  SCV, Marauder x2  
  53  6:00  SCV  
  60  6:06  Supply Depot x2  
  60  6:11  SCV  
  60  6:12  SCV  
  60  6:14  Terran Infantry Weapons Level 1  
  62  6:28  Marine x4, Marauder x2  
  70  6:45  Marine x4  
  74  6:47  SCV x2  
  74  6:49  Marine x2  
  78  6:55  Supply Depot  
  78  6:56  Supply Depot  
  78  7:17  Siege Tank, SCV, Medivac  
  86  7:23  Medivac  
  74  8:06  SCV  
  74  8:07  SCV  
  76  8:13  Missile Turret  
  76  8:14  Missile Turret  
  76  8:16  Missile Turret  
  76  8:18  Marine x3, Marauder x2  
  76  8:19  Marine  
  84  8:21  Siege Tank  
  84  8:23  Starport Reactor  
  87  8:34  Bunker  
  87  8:36  Marine x2  
  87  8:37  Missile Turret  
  87  8:39  Marauder x2  
  93  8:45  Command Center  
  93  9:04  Marine  
  93  9:08  Supply Depot  
  93  9:09  Supply Depot  
  94  9:10  Supply Depot  
  94  9:11  Supply Depot  
  94  9:29  Marine x4, SCV x2  
  94  9:30  Marine, Marauder  
  103  9:47  Marine, Marauder  
  103  9:51  Marauder  
  108  9:53  Marine  
  108  9:54  Marine x2  
  108  10:09  Marauder  
  108  10:12  Marauder  
  105  10:19  Marine  
  105  10:20  Marine x3  
  101  10:30  Marauder  
  101  10:34  Marauder  
  104  10:37  Marine  
  104  10:38  Marine x3  
Show
View Real Time Build Order
Export as new Build Order

Fropez Protoss 

Build Orders:  

Get SALT Encoding   

  12  0:01  Probe (Chrono Boost)  
  13  0:12  Probe (Chrono Boost)  
  14  0:18  Pylon  
  14  0:24  Pylon, Probe (Chrono Boost)  
  16  0:43  Probe (Chrono Boost)  
  16  0:44  Gateway  
  16  0:49  Assimilator  
  16  0:53  Probe (Chrono Boost)  
  17  1:04  Probe (Chrono Boost)  
  18  1:14  Probe (Chrono Boost)  
  19  1:21  Gateway  
  19  1:25  Probe (Chrono Boost)  
  20  1:35  Probe (Chrono Boost)  
  21  1:46  Probe (Chrono Boost)  
  22  1:47  Cybernetics Core  
  22  1:55  Assimilator  
  22  1:59  Nexus  
  22  2:09  Zealot  
  23  2:17  Cybernetics Core  
  23  2:41  Probe (Chrono Boost)  
  21  2:54  Mothership Core (Chrono Boost)  
  22  3:03  Warp Gate (Chrono Boost)  
  20  3:12  Probe x2 (Chrono Boost)  
  22  3:22  Pylon  
  22  3:23  Probe (Chrono Boost)  
  23  3:30  Adept x2  
  23  3:31  Probe (Chrono Boost)  
  28  3:37  Probe  
  29  3:41  Probe  
  30  3:51  Gateway  
  30  3:58  Pylon  
  30  3:59  Probe  
  31  4:08  Probe  
  31  4:16  Probe  
  31  4:17  Pylon  
  33  4:25  Probe  
  33  4:29  Gateway  
  34  4:31  Assimilator  
  32  4:59  Probe  
  32  5:00  Probe  
  32  5:03  Robotics Facility  
  34  5:07  Pylon  
  34  5:17  Probe  
  33  5:27  Stalker x3  
  36  5:37  Probe  
  36  5:39  Probe  
  38  5:55  Warp Prism  
  40  6:00  Stalker x2  
  44  6:08  Pylon, Probe  
  45  6:18  Probe  
  45  6:20  Forge  
  46  6:30  Probe  
  46  6:31  Probe  
  48  6:37  Observer  
  49  6:42  Stalker x2  
  49  6:43  Stalker  
  55  6:48  Probe  
  56  6:55  Pylon, Probe  
  56  7:00  Assimilator  
  56  7:01  Protoss Ground Weapons Level 1 (Chrono Boost)  
  57  7:14  Adept x2  
  57  7:15  Adept  
  58  7:36  Adept  
  58  7:37  Adept x2  
  56  7:58  Stalker x3  
  58  8:02  Probe  
  58  8:04  Probe  
  64  8:13  Probe  
  64  8:16  Probe  
  66  8:24  Probe  
  67  8:28  Probe  
  68  8:34  Probe  
  69  8:42  Twilight Council  
  69  8:44  Pylon  
  69  8:45  Probe  
  69  9:01  Photon Cannon, Protoss Ground Armor Level 1 (Chrono Boost)  
  73  9:09  Observer  
  70  9:14  Adept x4, Probe  
  70  9:15  Probe  
  80  9:25  Probe  
  80  9:27  Probe  
  82  9:46  Dark Shrine  
  67  10:28  Pylon  
  67  10:29  Pylon  
  67  10:31  Pylon  
  67  10:32  Pylon  
  67  10:33  Pylon  
  58  10:51  Mothership Core (Chrono Boost)  
Tags
 
Add a new tag
Caveats
  • Supply blocks, unpowered buildings, or Contaminate may cause inaccurate times.
  • Supply counts are checked every 10 seconds.